 Dungeon Crawl Stone Soup version 0.17-a0-1635-gd4e48f1 (webtiles) character file.

107 ololoev the Gusty (level 4, -2/33 HPs)
             Began as a Draconian Air Elementalist on Aug 4, 2015.
             Killed from afar by an orc wizard (9 damage)
             ... with a magic dart
             ... on level 3 of the Dungeon.
             The game lasted 00:11:54 (3142 turns).

ololoev the Gusty (Draconian Air Elementalist)      Turns: 3142, Time: 00:11:55

Health: -2/33      AC:  5    Str: 11    XL:     4   Next: 56%
Magic:  6/8        EV: 11    Int: 16    God:
Gold:   183        SH:  0    Dex: 14    Spells: 1 memorised, 7 levels left

rFire  . . .     SeeInvis .     q - +0 spear (venom)
rCold  . . .     Clarity  .     (armour unavailable)
rNeg   . . .     SustAt   .     (no shield)
rPois  .         Gourm    .     (helmet restricted)
rElec  .         Spirit   .     (no cloak)
rCorr  +         Warding  .     (no gloves)
rMut   .         Stasis   .     (no boots)
MR     .....                    u - amulet of resist corrosion
Stlth  +.........               (no ring)
                                e - +3 ring of dexterity

@: heavily drained, not resistant to hostile enchantments, very unstealthy
A: unfitting armour, cold-blooded, AC +5
a: no special abilities


Innate Abilities, Weirdness & Mutations

Your plain brown scales are hard (AC +5).
Your body does not fit into most forms of armour.
You are cold-blooded and may be slowed by cold attacks.

Inventory:

Hand weapons
 q - a +0 spear of venom (weapon)
Jewellery
 e - a +3 ring of dexterity (left hand)
 u - an amulet of resist corrosion (around neck)
Scrolls
 d - a scroll of teleportation
 f - 3 scrolls of remove curse
 j - a scroll of amnesia
Potions
 h - 2 potions of brilliance
 l - a potion of mutation {unknown}
 o - a potion of heal wounds
 r - a potion of magic {unknown}
Books
 a - a book of Air

   Spells                             Type                      Level
   a - Shock                          Conjuration/Air              1
   b - Swiftness                      Charms/Air                   2
   c - Repel Missiles                 Charms/Air                   2
   d - Static Discharge               Conjuration/Air              3
   e - Lightning Bolt                 Conjuration/Air              5
Comestibles
 b - 2 bread rations
 c - a meat ration
 s - a slice of pizza


   Skills:
 - Level 1.7(0.5) Dodging
 - Level 1.7(0.5) Stealth
 + Level 2.8(1.6) Spellcasting
 * Level 3.2(1.9) Conjurations
 + Level 3.6(2.4) Air Magic


You had 7 spell levels left.
You knew the following spells:

 Your Spells              Type           Power        Failure   Level  Hunger
a - Shock                 Conj/Air       #...         10%         1    ##.....


You were on level 3 of the Dungeon.
You were very hungry.

You visited 1 branch of the dungeon, and saw 3 of its levels.

You collected 183 gold pieces.

...# #..# .... ##..####
..... #..>)..## .....
#.......# ......#...ro.#
.. .....o##[##o##
########.. .....o'..##o#
##.........
...o..o..##o###........##
......##.##@##..........#
...... #.##.##<.........#
..?.. ##.##..#..........#
.... ##...##...<........#
.. ##.....###..........#
. ##.<.....###........##
#.#.....###..........#
####...## #..........#
##.## #..........#

Notes
Turn   | Place    | Note
--------------------------------------------------------------
     0 | D:1      | ololoev the Draconian Air Elementalist began the quest for the Orb.
     0 | D:1      | Reached XP level 1. HP: 14/14 MP: 3/3
   312 | D:1      | Reached XP level 2. HP: 20/20 MP: 3/5
  1315 | D:2      | Reached XP level 3. HP: 24/26 MP: 2/6
  1459 | D:2      | Found a shadowy altar of Dithmenos.
  2627 | D:2      | Reached XP level 4. HP: 10/33 MP: 1/7
  3142 | D:3      | Killed from afar by an orc wizard

Dungeon Overview and Level Annotations

Branches:
Dungeon (3/15)

Altars:
Dithmenos


Message History

The orc wizard closely misses you.
Things that are here:
a leather armour; a trident
Casting: Shock
Confirm with . or Enter, or press ? or * to list all spells.
Aiming: Shock
Press: ? - help, Shift-Dir - straight line, f/p - orc wizard
Aim: an orc wizard, wielding a dagger of draining and wearing a robe (moderately wounded, fast)
The zap hits the orc wizard.
The orc wizard is moderately wounded.
The zap hits the orc priest.
The orc priest is moderately wounded.
The zap hits the orc.
The orc is moderately wounded.
The zap hits the orc wizard.
The orc wizard is moderately wounded.
The orc wizard hits you with a dagger of draining.
You feel drained.
Unknown command.
Unknown command.
Casting: Shock
Confirm with . or Enter, or press ? or * to list all spells.
Aiming: Shock
Press: ? - help, Shift-Dir - straight line, f/p - orc wizard
Aim: an orc wizard, wielding a dagger of draining and wearing a robe (moderately wounded, fast)
The zap hits the orc wizard.
The orc wizard is severely wounded.
The zap hits the orc priest.
The orc priest appears unharmed.
The orc priest is moderately wounded.
The zap hits the orc.
The orc is moderately wounded.
The zap hits the orc wizard.
The orc wizard is moderately wounded.
The orc wizard hits you with a dagger of draining.
You feel drained.
The orc priest invokes the aid of Beogh against you.
Something smites you!
The orc wizard points at you and mumbles some strange words.
The magic dart hits you!
You die...

You could see an orc priest, 2 orc wizards, an orc and a rat (wandering).

Vanquished Creatures
  An orc priest (D:3)
  3 adders (D:2)
  An ooze (D:3)
  A giant gecko (D:2)
  3 orcs
  5 giant cockroaches (D:1)
  4 hobgoblins
  7 kobolds
  A ball python (D:2)
  8 bats
  3 giant newts
  5 goblins
  4 rats
46 creatures vanquished.

Action                   |  1- 3 |  4- 6 || total
-------------------------+-------+-------++-------
Melee: Unarmed           |     7 |       ||     7
       Dagger            |    29 |       ||    29
       Spear             |       |     3 ||     3
 Cast: Shock             |    88 |     8 ||    96
  Use: Scroll            |       |     9 ||     9
       Potion            |       |     1 ||     1
  Eat: Chunk             |     6 |     1 ||     7

Vault maps used:
D:1:      dpeg_arrival_tiny_d
D:2:      nicolae_overflow_hidden_temple, first_bread
D:3:      kennysheep_big_flooded_room, elyvilon_altar_3, okawaru_gym_becter,
          corexii_leaking_fountain
